 Dungeon Crawl Stone Soup version 0.29-a0-275-g389c0b56f3 (webtiles) character file.

Game seed: 5940930392716966282

49 sammy202020 the Skirmisher (level 3, -1/46 HPs)
             Began as a Palentonga Berserker on Mar 12, 2022.
             Was a Follower of Trog.
             Slain by a gnoll
             ... wielding a +0 flail
              (6 damage)
             ... on level 2 of the Dungeon.
             The game lasted 00:03:31 (1023 turns).

sammy202020 the Skirmisher (Palentonga Berserker)   Turns: 1023, Time: 00:03:31

Health: -1/46      AC:  5    Str: 20    XL:     3   Next: 53%
Magic:  3/3        EV:  9    Int:  9    God:    Trog [*.....]
Gold:   12         SH:  0    Dex:  9    Spells: 2/2 levels left

rFire   . . .      SeeInvis +   a - +0 mace
rCold   . . .      Faith    .   (no shield)
rNeg    . . .      Spirit   .   c - +0 ring mail
rPois   .          Reflect  .   (no helmet)
rElec   .          Harm     .   (no cloak)
rCorr   .          Rampage  .   (no gloves)
Will    .....                   (no barding)
Stlth   ..........              (no amulet)
HPRegen 0.15/turn               (no ring)
MPRegen 0.08/turn               (no ring)

@: berserking, very quick
A: large, rugged brown scales 3, see invisible, deformed body, roll 1, armoured
tail
a: Rolling Charge, Renounce Religion, Berserk


You were on level 2 of the Dungeon.
You worshipped Trog.
Trog was aware of your devotion.
You visited 1 branch of the dungeon, and saw 2 of its levels.

You collected 12 gold pieces.

Inventory:

Hand Weapons
 a - a +0 mace (weapon)
Armour
 c - a +0 ring mail (worn)
Scrolls
 f - a scroll of identify {unknown}
 g - a scroll of teleportation {unknown}
 h - a scroll of magic mapping {unknown}
Potions
 b - 2 potions of magic {unknown}
 d - 2 potions of curing {unknown}
 e - a potion of brilliance {unknown}


   Skills:
 * Level 3.5 Fighting
 * Level 3.4 Maces & Flails
 * Level 2.1 Armour
 + Level 1.9 Dodging


You had 2 spell levels left.
You didn't know any spells.
Your spell library was empty.

Dungeon Overview and Level Annotations

Branches:
Dungeon (2/15)

Altars:


Innate Abilities, Weirdness & Mutations

You are completely covered in rugged brown scales. (AC +3, +7% HP)
You have supernaturally acute eyesight. (SInv)
Armour fits poorly on your strangely shaped body.
You can roll at nearby foes to attack.
You have a long armoured tail.


Message History

A kobold comes into view. It is wielding a +0 club.
The kobold shouts!
The kobold misses you.
You sock the kobold!
You kill the kobold!
Trog accepts your kill.
You see here a +0 club.
You see here a +0 club.
Things that are here:
a +0 dagger; 3 stones You see here a +0 animal skin.
There is a stone staircase leading down here.
You climb downwards.
The ball python hisses angrily.
The gnoll shouts! x2; The hobgoblin shouts!
Found a hunting sling and a book of Necromancy.
Found a stone staircase leading up.
There is a stone staircase leading up here.
Found a stone staircase leading down.
The gnoll barely misses you. The gnoll attacks as you move away!
The gnoll hits you with a +0 flail. x2
The gnoll attacks as you move away! The gnoll hits you with a +0 flail!
The gnoll hits you with a +0 flail. The gnoll attacks as you move away!
The gnoll hits you with a +0 club. The gnoll attacks as you move away!
The gnoll barely misses you. The gnoll attacks as you move away!
The gnoll barely misses you.
A red film seems to cover your vision as you go berserk!
You feel yourself moving faster!
You feel mighty! The gnoll hits you with a +0 flail.
* * * LOW HITPOINT WARNING * * *
You bludgeon the gnoll!!
You kill the gnoll!
Trog accepts your kill. The gnoll hits you with a +0 flail.
* * * LOW HITPOINT WARNING * * *
The gnoll hits you with a +0 club.
* * * LOW HITPOINT WARNING * * *
You see here a +0 flail.
You sock the gnoll!
The gnoll is severely wounded.
The gnoll hits you with a +0 flail.
You die...

############
#..........#
#..........#
#...<....:.#
#..........#
#....<....)#
##..........#
####gw.........#
#>.@gS.........#
#..###g.........#
#...#
#..........#
....##
##.######### .##
#.. ##.# .. ...


You could see a worm, 2 gnolls, a hobgoblin and a ball python.

Vanquished Creatures
  2 gnolls
  4 endoplasms (D:1)
  A giant cockroach (D:1)
  4 goblins (D:1)
  A hobgoblin (D:1)
  A quokka (D:1)
  5 ball pythons (D:1)
  3 bats (D:1)
  A frilled lizard (D:1)
  5 kobolds (D:1)
  A rat (D:1)
28 creatures vanquished.

Notes
Turn   | Place    | Note
-------+----------+-------------------------------------------
     0 | D:1      | sammy202020 the Palentonga Berserker began the quest for
                  | the Orb.
     0 | D:1      | Reached XP level 1. HP: 19/19 MP: 1/1
   126 | D:1      | Found a faded altar of an unknown god.
   143 | D:1      | Reached XP level 2. HP: 25/25 MP: 2/2
   479 | D:1      | Reached XP level 3. HP: 31/31 MP: 3/3
  1023 | D:2      | Slain by a gnoll

Illustrated notes

Levels and vault maps discovered:
D:1:      amcnicky_arrival_underground_garden, layout_loops_ring,
          hellmonk_ecumenical_altar_crossroads
D:2:      layout_rooms, basic_altar

Skill      XL: |  1  2 |
---------------+-------+-----
Armour         | 2 |  2.1
Fighting       | |  3.5
Maces & Flails | |  3.4
Dodging        | |  1.9

Action                   || total
-------------------------++-------
Melee: Mace              ||    58
       Tailslap          ||     4
Invok: Berserk           ||     1
Armor: Ring mail         ||    27
       Animal skin       ||     2
Dodge: Dodged            ||    32

Table legend: (Time is in decaauts)
 A = Elapsed time spent in this place.
 B = Non-inter-level travel time spent in this place.
 C = Inter-level travel time spent in this place.
 D = Time resting spent in this place.
 E = Time spent auto-exploring this place.
 F = Levels seen in this place.
 G = Mean time per level.
                   A        B        C        D        E       F      G
               +--------+--------+--------+--------+--------+-----+--------+
         Total |   1036 |    976 |     60 |      0 |    766 |   2 |  518.0 |
       Dungeon |   1036 |    976 |     60 |      0 |    766 |   2 |  518.0 |
               +--------+--------+--------+--------+--------+-----+--------+

Top non-repeatable levels by time:
     D:1: 1025 daAuts
     D:2: 10 daAuts
